 Dungeon Crawl Stone Soup version 0.18.1-48-g4cf74bf (webtiles) character file.

66 nikopol the Chopper (level 3, -8/33 HPs)
             Began as a Minotaur Berserker on Sept 5, 2016.
             Was a Believer of Trog.
             Killed from afar by an orc wizard (14 damage)
             ... with a puff of flame
             ... on level 3 of the Dungeon.
             The game lasted 00:03:11 (1369 turns).

nikopol the Chopper (Minotaur Berserker)            Turns: 1369, Time: 00:03:12

Health: -8/33      AC:  3    Str: 17    XL:     3   Next: 96%
Magic:  2/2        EV: 12    Int:  4    God:    Trog [**....]
Gold:   95         SH:  0    Dex: 10    Spells: 0 memorised, 2 levels left

rFire  . . .     SeeInvis .     a - +0 hand axe
rCold  . . .     Gourm    .     e - +0 leather armour
rNeg   . . .     Faith    .     (no shield)
rPois  .         Spirit   .     (helmet restricted)
rElec  .         Dismiss  .     (no cloak)
rCorr  .         Reflect  .     (no gloves)
SustAt .         Harm     .     (no boots)
MR     .....                    (no amulet)
Stlth  +.........               (no ring)
                                s - -4 ring of strength (curse)

@: not resistant to hostile enchantments, very unstealthy
A: retaliatory headbutt, horns 2
a: Berserk, Trog's Hand, Burn Spellbooks, Renounce Religion


You were on level 3 of the Dungeon.
You worshipped Trog.
Trog was pleased with you.
You were hungry.

You visited 1 branch of the dungeon, and saw 3 of its levels.

You collected 95 gold pieces.

Inventory:

Hand Weapons
 a - a +0 hand axe (weapon)
Missiles
 p - 22 arrows (quivered)
Armour
 b - a +0 animal skin
 e - a +0 leather armour (worn)
 t - a +0 ring mail
Jewellery
 s - a cursed -4 ring of strength (left hand)
 w - an uncursed ring of flight {unknown}
 x - an uncursed ring of poison resistance {unknown}
Scrolls
 d - a scroll of enchant armour {unknown}
 i - 3 scrolls of enchant weapon {unknown}
 j - a scroll of recharging {unknown}
 k - 2 scrolls of fog {unknown}
 q - a scroll of identify {unknown}
 v - a scroll of noise {unknown}
Potions
 h - 2 potions of curing {unknown}
 l - a potion of lignification {unknown}
 n - a potion of brilliance {unknown}
 o - a potion of heal wounds {unknown}
 u - a potion of ambrosia {unknown}
Comestibles
 c - 5 bread rations
 f - 3 meat rations
 g - 4 chunks of flesh
 m - 3 fruits
 r - 2 slices of pizza


   Skills:
 + Level 4.0 Fighting
 + Level 4.5 Axes
 + Level 3.3 Armour
 + Level 3.0 Dodging


You had 2 spell levels left.
You didn't know any spells.

Dungeon Overview and Level Annotations

Branches:
Dungeon (3/15)

Altars:


Innate Abilities, Weirdness & Mutations

You reflexively headbutt those who attack you in melee.
You have a pair of horns on your head.


Message History

You hit something but do no damage. Something hits you.
You hit something.
You hear some strange, mumbled words.
A puff of flame appears from out of thin air!
The puff of flame hits you!
You hit something. Something hits you.
* * * LOW HITPOINT WARNING * * *
You miss something. Your headbutt misses something.
Something hits you but does no damage.
You barely miss something.
You hear some strange, mumbled words.
Something tries to affect you, but you resist.
You miss something. Your headbutt misses something.
You hear some strange, mumbled words.
Something tries to affect you, but you resist.
You hit something.
You hear some strange, mumbled words.
A puff of flame appears from out of thin air!
The puff of flame hits you!
You die...

#..# #..# # # #..# .#!
#..# #.# #..† #####.#
######.. ...#.#
##.......
#..##.#.########...###.#
#.....{@.........#.....#
##.##.#)########...#####
#.#)# ##.## #.#.# #.#
#.#.#########.#
#.#...........#
#.############# #.


There were no monsters in sight!

Vanquished Creatures
  A dart slug (D:1)
  2 giant geckos
  4 orcs (D:3)
  A ball python (D:1)
  8 bats
  A giant cockroach (D:1)
  8 hobgoblins
  8 jackals
  A kobold (D:1)
  3 giant newts
  11 goblins
  3 rats
51 creatures vanquished.

Notes
Turn   | Place    | Note
--------------------------------------------------------------
     0 | D:1      | nikopol the Minotaur Berserker began the quest for the Orb.
     0 | D:1      | Reached XP level 1. HP: 19/19 MP: 0/0
   107 | D:1      | Reached XP level 2. HP: 24/27 MP: 1/1
   279 | D:1      | Reached ** piety under Trog
   466 | D:1      | Reached XP level 3. HP: 33/33 MP: 2/2
  1369 | D:3      | Killed from afar by an orc wizard

Skill      XL: |  1  2  3 |
---------------+----------+-----
Axes           | 4 |  4.5
Armour         | 3 |  3.3
Fighting       | 4 |  4.0
Dodging        | 3 |  3.0

Action                   || total
-------------------------++-------
Melee: Hand axe          ||   118
       Headbutt          ||    13
  Eat: Chunk             ||     1
Armor: Leather armour    ||    22
Dodge: Dodged            ||    78
